← All builds
Suicide front / Armada / Factory first / OBSERVED BUILD

Standard suicide front

Armada Suicide front build order · Supreme Isthmus

The role's baseline: Bot Lab at 0:21 then straight into reclaim-fed T1 bot production to contest the middle and hold until T2 arrives, with an Advanced Metal Extractor around 9:45.

#rush · 2043 distinct matches · 235 players · 72% of Armada Suicide front games · team won 59% of 2421 · Recently observed

HOW TO PLAY IT

Key timing: Bot Lab by 0:20

  1. Open with mex and lab-first to get Bot Lab up by 0:20.
  2. Expand mex and wind while lab pumps units toward middle.
  3. Push Sentry and early Rocketeer, Centurion to contest middle.
  4. Get T2 constructor out once Pond's boost lets you spare metal.
  5. Upgrade mex to Advanced Metal Extractor as you transition off T1 spam.

Phase by phase

TYPICAL OF ITS 2043 GAMES
  1. 1
  2. 2
  3. 3
PLAY THE OPENING

Follow the example game's first 6:00 step by step: what to build now, what comes next, and where it goes. At 1× it keeps pace with your own game.

  1. 1

    Bot Lab first

    Order
    1. Bot LabBot Lab done ~0:25, middle half 0:20–0:33

    Some games also: mex (44%)

  2. 2

    Bot Lab to 5:00

    Economy
    • Metal Extractor5Mex
    • Wind Turbine4Wind
    Builders
    • Construction Bot3 Con bot
    • Lazarus2 Lazarus
    Army
    • Sentry4 Sentry
    • Rocketeer16 Rocketeer
    • Tick2 Tick
    • Centurion1 Centurion
    Other
    • Radar Tower1 Radar Tower

    Some games also: pawn (37%) · con turret (34%)

    By 5:00 in all: 5 mex · 4 wind

    The example game in this phase · 28 steps
    1. LazarusLazarus
    2. Mex
    3. SentrySentry
    4. Construction BotCon bot ×2
    5. Radar TowerRadar Tower
    6. CenturionCenturion
    7. Mex
    8. SentrySentry
    9. TickTick
    10. LazarusLazarus
    11. RocketeerRocketeer ×2
    12. Mex
    13. RocketeerRocketeer ×2
    14. SentrySentry
    15. Mex
    16. LazarusLazarus
    17. RocketeerRocketeer ×7
    18. CenturionCenturion
    19. TickTick
    20. LazarusLazarus
    21. RocketeerRocketeer ×3
    22. SentrySentry
    23. RocketeerRocketeer
    24. SentrySentry
    25. RocketeerRocketeer
    26. SentrySentry
    27. RocketeerRocketeer ×2
    28. Con turret
  3. 3

    5:00 to 10:00

    Economy
    • Metal Extractor1Mex
    • Wind Turbine15Wind
    Builders
    • Construction Turret2 Con turret
    • Lazarus2 Lazarus
    • Construction Bot1 Con bot
    Army
    • Sentry1 Sentry
    • Rocketeer8 Rocketeer

    Some games also: pawn (49%) · Radar Tower (46%) · tick (45%) · centurion (44%) · energy storage (42%) · eat Bot Lab (31%)

    By 10:00 in all: 6 mex · 21 wind · 1 energy storage · 2 con turret

    The example game in this phase · 86 steps
    1. RocketeerRocketeer ×3
    2. Wind
    3. RocketeerRocketeer
    4. Wind
    5. Construction BotCon bot
    6. Wind
    7. CenturionCenturion
    8. Wind
    9. TickTick
    10. LazarusLazarus
    11. Wind
    12. RocketeerRocketeer
    13. Wind
    14. RocketeerRocketeer
    15. Wind
    16. RocketeerRocketeer
    17. Wind
    18. RocketeerRocketeer
    19. Wind
    20. ThugThug
    21. RocketeerRocketeer
    22. Wind
    23. RocketeerRocketeer
    24. Wind
    25. RocketeerRocketeer
    26. Wind
    27. RocketeerRocketeer
    28. LazarusLazarus
    29. Wind
    30. Converter
    31. LazarusLazarus
    32. Converter
    33. Wind
    34. LazarusLazarus
    35. Converter
    36. RocketeerRocketeer ×2
    37. Wind
    38. RocketeerRocketeer
    39. Converter
    40. RocketeerRocketeer ×2
    41. Converter
    42. RocketeerRocketeer ×2
    43. Wind
    44. Converter
    45. CenturionCenturion
    46. RocketeerRocketeer
    47. Converter
    48. BeamerBeamer
    49. Wind
    50. TickTick
    51. LazarusLazarus
    52. Converter
    53. BeamerBeamer
    54. RocketeerRocketeer
    55. Wind
    56. Converter
    57. RocketeerRocketeer
    58. Wind
    59. RocketeerRocketeer
    60. Wind
    61. RocketeerRocketeer
    62. Wind
    63. RocketeerRocketeer
    64. Wind
    65. RocketeerRocketeer
    66. Wind
    67. RocketeerRocketeer
    68. Wind
    69. Advanced Metal ExtractorT2 mexdone 11:48 · typical 9:46
    70. RocketeerRocketeer
    71. Wind ×4
    72. LazarusLazarus
    73. Wind
    74. Mex
    75. Wind
    76. RocketeerRocketeer
    77. Advanced Metal ExtractorT2 mex
    78. LazarusLazarus ×2
    79. JanusJanus
    80. PawnPawn
    81. JaguarJaguar
    82. PawnPawn ×3
    83. Advanced Metal ExtractorT2 mex
    84. PawnPawn ×2
    85. BeamerBeamer
    86. PawnPawn ×15

Counts are medians over the build's games: half of them build more, half fewer. The example game is heihallo's (31 OS, 15/08/2026); pick another.

Team trades

IN AT LEAST 30% OF ITS GAMES

You hand over

Nothing regular.

You get

  • Tidal Generator4 Tidal from Pondfirst at 0:11 · in 68% of games
  • Advanced Construction Bot1 T2 con bot from Geo or Techfirst at 7:41 · in 57% of games

How it plays out

Typical game of this build, running totals by minute

Metal produced

010k20k
0:005:0010:0015:00

metal

Enemy metal destroyed

05k10k
0:005:0010:0015:00

metal

Own metal lost

05k10k
0:005:0010:0015:00

metal

2421 games.

Show as table
ByMetal produced: This buildEnemy metal destroyed: This buildOwn metal lost: This build
1:0023000
2:0088600
3:002007184130
4:003108642501
5:0041841348997
6:00534921851706
7:00653930602588
8:00775739393500
9:00903347044382
10:001040053145148
11:001188458575955
12:001357264066673
13:001539468757437
14:001729075038209
15:001925781168981
WHAT THE NUMBERS SAY

Standard Suicide front play wins a bit over half its games while taking the heaviest own losses of any role by 15:00.

  • + Produces 20142 metal by 15:00, highest of the front roles.
  • + First kill by 2:01 in all games, fastest contest of middle.
  • − Own metal lost hits 9178 by 15:00, more than enemy metal destroyed.
  • − Only 34% Rocketeer share shows army spread thin across many bot types.
THE EXAMPLE YOU ARE READING

heihallo

31.4 OS · 15/08/2026

Open source match ↗

6 received units · includes a constructor
219 metal received · 12837 energy received

Allied construction assistance is unknown. Timings are observations, not a promise of solo reproducibility.

Typical milestones

Bot Lab0:25Middle 50%: 0:20–0:33 · n=2413
Advanced Metal Extractor9:46Middle 50%: 8:50–10:59 · n=1749

Played most by

_X_264games of this buildPlatinumBlonde188games of this buildXad165games of this buildTrapCaT109games of this buildImmort80games of this build